Zazza, lawful female dwarven Valkyrie -------- --------- ---- |..--..| |..--.|.| --- |..-- --......-- |........ ..| -----...| |........| --.....- ..--- ---.--...-- |.......- |......|--....--- |>......-- ------......------.....--..o....| --- |.......| |.........................@o..G.......-- --------------- ---....*----.^.......G................o............G...GGh..........(- --.........----....G.G...-------.------- .....--- .-------------- --......--- |.......|.--- --- ..... |.--...| ........----- ........ |.--...||........| ....- |.....----......-- -- --..---- |..|.--- |...| ------ ---.^-- --...^| |.....-- |....<.| -----.-- --- Zazza the Skirmisher Experience level: 5 Strength: 18 Dexterity: 15 Constitution: 20 Intelligence: 7 Wisdom: 7 Charisma: 9 Health: 0(67) Energy: 5(5) Def: 0 Gold: 105 Moves: 3204 Dungeon seed: BiI7l9k2ZBjd4AyF Game ID: Zazza_1525987758 Your Inventory: Coins $ - 105 gold pieces Amulets J - an uncursed amulet of ESP Weapons a - a +1 long sword (weapon in hand) b - a blessed +0 dagger d - 3 +0 orcish daggers H - 9 +2 darts Armor e - an uncursed +3 small shield q - an uncursed +0 orcish helm y - an uncursed +0 banded mail z - an uncursed +0 chain mail N - an uncursed +0 orcish helm Comestibles h - an uncursed candy bar B - an uncursed lichen corpse K - an uncursed food ration Scrolls o - an uncursed scroll of stinking cloud p - a blessed scroll of light s - 2 uncursed scrolls of magic mapping t - an uncursed scroll of teleportation F - an uncursed scroll of enchant armor Potions v - a blessed potion of healing x - an uncursed potion of healing A - an uncursed potion of sickness Tools j - an uncursed tin opener Gems n - an uncursed worthless piece of violet glass r - an uncursed jade stone L - an uncursed worthless piece of green glass Y - an uncursed worthless piece of red glass Spells and supernatural/magical abilities: Name Level Category Fail Memory W - pray for help -- divine ? -- Your skills at the end: Fighting Skills Weapon Skills dagger [Basic] long sword [Basic] Spellcasting Skills Final Attributes: You were piously aligned. You were cold resistant. You had infravision. You were stealthy. You were a wererat. You are dead. Vanquished creatures: a shrieker 2 homunculi 2 rothes a giant bat a wererat an iguana 2 hobgoblins 3 giant rats a cave spider 2 garter snakes a gnome zombie 2 geckos 2 jackals 6 foxes 3 goblins 2 sewer rats 4 grid bugs 2 bats 3 lichens a kobold zombie 6 newts 48 creatures vanquished. Voluntary challenges: You had been an atheist until turn 3023. You used a wielded weapon 48 times, starting on turn 3. You read items or engraved 2 times, starting on turn 3062. You never genocided any monsters. You never polymorphed an object. You changed form 3 times, starting on turn 3004. You used no wishes. You never split a pudding. You never wrote Elbereth's name. You never violated your personal moral code. Dungeon overview: The Dungeons of Doom: levels 1 to 4 Level 1 a sink a long staircase Level 2 a scroll shop Level 3 Level 4 an armor shop, a fountain stairs to The Gnomish Mines The Gnomish Mines: Level 5 <- You were here stairs to The Dungeons of Doom History has recorded: On T:1 you entered the Dungeons of Doom to retrieve the Amulet of Yendor! On T:473 you reached level 2 of The Dungeons of Doom. On T:627 you advanced to experience level 2. On T:1339 you reached level 3 of The Dungeons of Doom. On T:1436 you advanced to experience level 3. On T:1872 you advanced to experience level 4. On T:2093 you reached level 4 of The Dungeons of Doom. On T:2863 you reached level 1 of The Gnomish Mines. On T:2966 you advanced to experience level 5. Score breakdown: Gold: 105 ( 6889 points) Experience: 5 levels (11141 points) Exploration: 5 levels ( 10.20%) ( 8660 points) Discoveries: 6 items ( 2.44%) ( 4685 points) Valuables value: (no points given unless you survive) Artifact value: 0 ( 0 points) Variety of kills: 21 monsters ( 5.51%) ( 7043 points) Turncount: 3204 turns ( -697 points) Survival: died (score multiplied by 80%) Total score: 30176 Latest messages: x - an orange potion. A - a swirly potion. j - a tin opener. L - a green gem. r - a green gem. Y - a red gem. n - a violet gem. You are now wielding your long sword. The hill orc swings his scimitar. The hill orc hits! (2x) You miss the hill orc. The hill orc hits! The hill orc swings his scimitar. The hill orc hits! (2x) You begin praying to Tyr. The hill orc hits! The hill orc swings his scimitar. The hill orc hits! You die... Final status: Farvel Zazza the Valkyrie, killed by a hill orc, while praying... You died in The Gnomish Mines on dungeon level 5 with 30176 points, and 105 pieces of gold, after 3204 moves. You were level 5 with a maximum of 67 hit points when you died.